 Seeded DCSS version 0.28-a0-2-g643f245 (webtiles) character file.

Game seed: 6102775465341156983 (custom seed)

1472 skewfiend the Shooter (level 9, 0/66 HPs)
             Began as a Human Arcane Marksman on July 19, 2021.
             Was an Initiate of Okawaru.
             Slain by a water moccasin (2 damage)
             ... on level 6 of the Dungeon on July 22, 2021.
             The game lasted 00:29:45 (9757 turns).

skewfiend the Shooter (Human Arcane Marksman)       Turns: 9757, Time: 00:29:45

Health: 0/66       AC:  7    Str: 11    XL:     9   Next: 6%
Magic:  11/15      EV: 12    Int: 16    God:    Okawaru [......]
Gold:   338        SH:  0    Dex: 16    Spells: 6/16 levels left

rFire   . . .      SeeInvis .   b - +3 quarterstaff (chaos)
rCold   . . .      Faith    .   (shield currently unavailable)
rNeg    . . .      Spirit   .   d - +0 robe
rPois   .          Reflect  .   (no helmet)
rElec   .          Harm     .   e - +1 cloak
rCorr   .          Rampage  .   m - +2 pair of gloves
Will    +....                   (no boots)
Stlth   +.........              (no amulet)
HPRegen 0.21/turn               y - ring of willpower
MPRegen 0.14/turn               (no ring)

@: no status effects
A: agile 1
a: Renounce Religion


You were on level 6 of the Dungeon.
You worshipped Okawaru.
Okawaru was noncommittal.
You visited 2 branches of the dungeon, and saw 7 of its levels.

You collected 338 gold pieces.

Inventory:

Hand Weapons
 a - a +0 shortbow
 b - a +3 quarterstaff of chaos (weapon)
 i - a +0 dagger
 k - a +0 club
 l - a +0 short sword
 r - a +0 hand axe
 F - a +2 halberd
Missiles
 c - 17 arrows
 g - 144 stones (quivered)
 A - 13 poisoned darts
 C - 3 boomerangs
Armour
 d - a +0 robe (worn)
 e - a +1 cloak (worn)
 m - a +2 pair of gloves (worn)
 s - a +0 ring mail
 B - a +0 leather armour
Jewellery
 y - a ring of willpower (left hand)
Scrolls
 f - 2 scrolls of teleportation
 h - a scroll of identify
 j - a scroll of fear {unknown}
 p - 3 scrolls of enchant armour
 t - a scroll of silence
 v - a scroll of blinking {unknown}
 x - a scroll of magic mapping
Potions
 q - 2 potions of brilliance
 u - a potion of cancellation
 z - a potion of curing
 D - a potion of haste
 E - 2 potions of mutation


   Skills:
 + Level 4.7 Fighting
 * Level 7.0 Bows
 - Level 2.0 Dodging
 + Level 4.1 Spellcasting
 + Level 5.6 Hexes


You had 6 spell levels left.
You knew the following spells:

 Your Spells              Type           Power      Damage    Failure   Level
a - Corona                Hex            23%        N/A       1%          1
b - Slow                  Hex            21%        N/A       2%          2
c - Portal Projectile     Hex/Tloc       24%        N/A       16%         3
d - Cause Fear            Hex            10%        N/A       16%         4

Your spell library contained the following spells:

 Spells                   Type           Power      Damage    Failure   Level
 Inner Flame              Hex/Fire       12%        N/A       16%         3
 Foxfire                  Conj/Fire      12%        2x1d4     17%         1
 Poisonous Vapours        Pois/Air       6%         N/A       26%         2
 Conjure Flame            Conj/Fire      3%         6-21      45%         3
 Mephitic Cloud           Conj/Pois/Air  3%         N/A       45%         3
 Freezing Cloud           Conj/Ice/Air   1%         6-21      99%         5
 Iskenderun's Battlesphe  Conj           3%         2d6       99%         5
 Iron Shot                Conj/Erth      1%         9d1       100%        6
 Spellforged Servitor     Conj/Summ      1%         N/A       100%        7


Dungeon Overview and Level Annotations

Branches:
Dungeon (6/15)             Temple (1/1) D:6

Altars:
Ashenzari
Dithmenos
Fedhas
Gozag
Hepliaklqana
Kikubaaqudgha
Makhleb
Nemelex Xobeh
Okawaru
Qazlal
Ru
Sif Muna
Trog
Uskayaw
Vehumet
Wu Jian
Xom
Yredelemnul
Zin
The Shining One


Innate Abilities, Weirdness & Mutations

You are agile. (Dex +2)


Message History

Things that are here:
2 scrolls of immolation; a potion of attraction; 2 scrolls of noise You see here a +0 leather armour.
You see here a hound skeleton.
There is an open door here.
There is a stone staircase leading down here.
As you open the door, it creaks loudly!
A water moccasin and a centaur come into view.
The water moccasin hisses angrily.
You hear a shout!
You sock the water moccasin! You freeze the water moccasin.
The water moccasin is moderately wounded.
The water moccasin closely misses you.
The water moccasin bites you but does no damage.
The centaur wields a +3 shortbow.
The centaur shoots an arrow.
The arrow hits you! The water moccasin bites you.
There is a stone staircase leading down here.
The water moccasin bites you but does no damage.
There is an open door here.
The water moccasin completely misses you.
The centaur shoots an arrow.
The arrow hits you.
The centaur shoots an arrow.
The arrow hits you! The water moccasin barely misses you.
The centaur shoots an arrow.
The arrow hits you!
The centaur shoots an arrow.
The arrow hits you.
The centaur shoots an arrow.
The arrow closely misses you.
The centaur shoots an arrow.
The arrow closely misses you. The water moccasin bites you.
The centaur shoots an arrow.
The arrow hits you!
* * * LOW HITPOINT WARNING * * *
The centaur shoots an arrow.
The arrow hits you.
* * * LOW HITPOINT WARNING * * *
The water moccasin completely misses you.
The centaur shoots an arrow.
The arrow misses you. The water moccasin bites you.
* * * LOW HITPOINT WARNING * * *
Okay, then.
Casting: Corona (safe; 1% risk of failure)
Confirm with . or Enter, or press ? or * to list all spells.
The water moccasin easily resists.
The water moccasin bites you.
You die...

##'########..#.
#..........#.#.
#.....c....#.#.
#.......รท..'...
#..........#...
#..........#...
#.[........#..>
################..........#.#.
#............@S...........#.#.
#.#########################.#.
#?# #.## #.# #.## #.# #. # #.#
#.# #.# ## #.#


You could see a water moccasin.

Vanquished Creatures
  Menkaure (D:5)
  Duvessa (D:4)
  A sky beast (D:5)
  An ice beast (D:6)
  A necrophage (D:6)
  An ogre (D:4)
  A phantom (D:5)
  A bullfrog (D:3)
  2 scorpions
  Dowan (D:4)
  3 wights (D:6)
  A centaur zombie (D:6)
  A hound (D:6)
  A centaur skeleton (D:5)
  A jelly (D:4)
  Crazy Yiuf (D:2)
  An iguana (D:6)
  2 orc priests (D:3)
  Natasha (thrice) (D:2)
  A hound skeleton (D:5)
  3 gnolls
  2 howler monkey skeletons
  3 adders
  4 dart slugs
  9 orcs
  5 ball pythons
  7 endoplasms
  3 giant cockroaches
  5 goblins
  2 hobgoblins (D:1)
  5 kobolds
  2 quokkas (D:4)
  2 bats
  4 frilled lizards
  6 rats
88 creatures vanquished.

Vanquished Creatures (collateral kills)
  A quokka (D:3)
1 creature vanquished.

Grand Total: 89 creatures vanquished

Notes
Turn   | Place    | Note
-------+----------+-------------------------------------------
     0 | D:1      | skewfiend the Human Arcane Marksman began the quest for the
                  | Orb.
     0 | D:1      | Reached XP level 1. HP: 15/15 MP: 2/2
   309 | D:1      | Reached XP level 2. HP: 21/21 MP: 1/3
   574 | D:1      | Learned a level 2 spell: Slow
  1056 | D:1      | Reached XP level 3. HP: 20/26 MP: 0/4
  1877 | D:2      | Noticed Natasha
  1881 | D:2      | Upgraded the game from 0.27-a0-1591-gc56fcc9 to
                  | 0.28-a0-2-g643f245
  1890 | D:2      | Killed Natasha
  1891 | D:2      | Reached skill level 3 in Bows
  1891 | D:2      | Reached XP level 4. HP: 33/33 MP: 2/6
  2210 | D:2      | Noticed Natasha
  2234 | D:2      | Killed Natasha
  2682 | D:2      | Reached XP level 5. HP: 38/38 MP: 7/7
  2943 | D:2      | Noticed Natasha
  2950 | D:2      | Killed Natasha
  2996 | D:2      | Found a runed translucent door.
  2997 | D:2      | Noticed Crazy Yiuf
  3085 | D:2      | Killed Crazy Yiuf
  3396 | D:3      | Noticed a bullfrog
  3405 | D:3      | Killed a bullfrog
  3406 | D:3      | Reached skill level 4 in Bows
  3406 | D:3      | Reached XP level 6. HP: 41/46 MP: 6/9
  3885 | D:3      | Found a faded altar of an unknown god.
  4758 | D:4      | You fall into a shaft and drop 1 floor!
  4758 | D:5      | Entered Level 5 of the Dungeon
  4770 | D:5      | Reached XP level 7. HP: 31/52 MP: 8/10
  5108 | D:4      | Reached skill level 5 in Bows
  5404 | D:4      | Found a hide-covered altar of Uskayaw.
  5483 | D:4      | Noticed Duvessa
  5483 | D:4      | Noticed Dowan
  6272 | D:4      | Killed Duvessa
  6579 | D:4      | Killed Dowan
  7125 | D:5      | Reached XP level 8. HP: 60/60 MP: 12/12
  7377 | D:5      | Found a glowing golden altar of the Shining One.
  7402 | D:5      | Learned a level 4 spell: Cause Fear
  7406 | D:5      | Learned a level 3 spell: Portal Projectile
  7738 | D:5      | Reached skill level 5 in Hexes
  7817 | D:5      | Found a sparkling altar of Nemelex Xobeh.
  7866 | D:6      | Reached skill level 6 in Bows
  7869 | D:6      | Noticed Menkaure
  8119 | D:5      | Killed Menkaure
  9320 | D:6      | Reached XP level 9. HP: 59/66 MP: 11/15
  9382 | D:6      | Gained mutation: You are weak. (Str -2) [potion of
                  | mutation]
  9382 | D:6      | Gained mutation: You are agile. (Dex +2) [potion of
                  | mutation]
  9382 | D:6      | Lost mutation: You are weak. (Str -2) [potion of mutation]
  9407 | D:6      | Found a staircase to the Ecumenical Temple.
  9419 | D:6      | Reached skill level 7 in Bows
  9425 | Temple   | Entered the Ecumenical Temple
  9541 | Temple   | Became a worshipper of Warmaster Okawaru
  9754 | D:6      | HP: 1/66 [water moccasin (6)]
  9757 | D:6      | Slain by a water moccasin

Illustrated notes

Levels and vault maps discovered:
D:1:      tarquinn_simple_flora_water_f, layout_rooms
D:2:      layout_loops_ring, uniq_crazy_yiuf_cottage, uniq_natasha
D:3:      layout_rooms, hellmonk_ecumenical_altar_pennies_from_heaven
D:4:      layout_loops_ring, kennysheep_mini_moat, uniq_duvessa
D:5:      layout_basic, mainiacjoe_overflow_cross_hatched,
          nemelex_spade_bored_becter
D:6:      layout_basic, minmay_temple_entry_fiery, uniq_maggie, uniq_menkaure
Temple:   minmay_crystal_spiral_temple

Skill      XL: |  1  2  3  4  5  6  7  8  9 |
---------------+----------------------------+-----
Bows           | 3 4 5 6 7 |  7.0
Fighting       | 2 3 4 |  4.7
Spellcasting   | 2 3 4 |  4.1
Hexes          | 4 5 |  5.6
Dodging        | |  2.0

Action                   |  1- 3 |  4- 6 |  7- 9 || total
-------------------------+-------+-------+-------++-------
Melee: Unarmed           |    18 |       |       ||    18
       Club              |    33 |       |       ||    33
       Hand axe          |    18 |    31 |       ||    49
       Quarterstaff      |       |    43 |    90 ||   133
 Fire: Shortbow          |    16 |    45 |   138 ||   199
Throw: Stone             |    35 |     7 |    14 ||    56
 Cast: Corona            |    35 |    31 |    41 ||   107
       Slow              |     5 |     2 |    26 ||    33
       Portal Projectile |       |       |     1 ||     1
       Cause Fear        |       |       |     1 ||     1
  Use: Scroll            |       |       |    10 ||    10
       Potion            |       |       |     4 ||     4
 Stab: Sleeping          |       |     1 |     1 ||     2
       Paralysed         |       |       |     1 ||     1
Armor: Robe              |    27 |    32 |    35 ||    94
       Skin              |       |       |    21 ||    21
Dodge: Dodged            |    60 |    78 |    88 ||   226

Table legend: (Time is in decaauts)
 A = Elapsed time spent in this place.
 B = Non-inter-level travel time spent in this place.
 C = Inter-level travel time spent in this place.
 D = Time resting spent in this place.
 E = Time spent auto-exploring this place.
 F = Levels seen in this place.
 G = Mean time per level.
                   A        B        C        D        E       F      G
               +--------+--------+--------+--------+--------+-----+--------+
         Total |   9801 |   9299 |    502 |   2972 |   4191 |   7 | 1400.1 |
       Dungeon |   9551 |   9133 |    418 |   2972 |   4028 |   6 | 1591.8 |
        Temple |    249 |    165 |     84 |      0 |    163 |   1 |  249.0 |
               +--------+--------+--------+--------+--------+-----+--------+

Top non-repeatable levels by time:
     D:4: 2366 daAuts
     D:2: 2145 daAuts
     D:1: 1784 daAuts
     D:5: 1297 daAuts
     D:6: 1105 daAuts
     D:3: 852 daAuts
  Temple: 249 daAuts
